 Dungeon Sprint DCSS version 0.28-a0-1435-g82390b3a13 (webtiles) character file.

Game seed: 8149820638900490335

254451 mhtbhm the Axe Maniac (level 17, -10/191 HPs)
             Began as a Minotaur Berserker on Jan 9, 2022.
             Was a High Priest of Trog.
             Mangled by Antaeus (20 damage)
             ... in the Dungeon (Sprint III: "The Ten Rune Challenge").
             The game lasted 00:41:14 (10741 turns).

mhtbhm the Axe Maniac (Minotaur Berserker)         Turns: 10741, Time: 00:41:16

Health: -10/191    AC: 53    Str: 42    XL:     17   Next: 35%
Magic:  2/12       EV: 13    Int:  1    God:    Trog [*****.]
Gold:   4217       SH: 27    Dex:  6    Spells: 16/16 levels left

rFire   + + +      SeeInvis +   F - +10 broad axe "Quesmes" {flame, Str+3}
rCold   + . .      Faith    .   j - +0 tower shield "Robimin" {Fly rN+ Regen+ Dex-5}
rNeg    + . .      Spirit   .   b - +8 crystal plate armour "Odocout" {-Cast rF+ Regen+ SInv}
rPois   .          Reflect  +   u - +2 hat {Stlth+}
rElec   .          Harm     .   r - +4 dragonskin cloak
rCorr   .          Rampage  .   T - +3 Mad Mage's Maulers {Infuse+∞ RegenMP Int-3}
Will    +++..      NoTele   +   x - +2 pair of boots of the Sparrow {rC+ Str+4}
Stlth   +++....... NoCast   +   B - amulet of reflection
HPRegen 3.01/turn               Y - ring of protection from fire
MPRegen 0.53/turn               J - +6 ring of strength

@: mighty, strong-willed (expiring), on berserk cooldown, flying, regenerating
(expiring), slowed, studying 2 skills, very slow
A: horns 2, retaliatory headbutt, talons 1, fire resistance 1, low mp 2
}: 5/10 runes: decaying, barnacled, silver, golden, iron
a: Renounce Religion, Berserk, Trog's Hand, Brothers in Arms


You were in the Dungeon.
You worshipped Trog.
Trog was extremely pleased with you.
You visited 1 branch You collected 6850 gold pieces.
You spent 2633 gold pieces at shops.

Inventory:

Hand Weapons
 a - a +5 executioner's axe of flaming
 s - a +8 eveningstar
 D - the +12 glaive of Prune {vorpal}
   (You found it in the Dungeon)

   It inflicts extra damage upon your enemies.
   It halves damage taken while paralysed, petrified or unconscious.
 E - a +4 vampiric executioner's axe
 F - the +10 broad axe "Quesmes" (weapon) {flame, Str+3}
   (Trog gifted it to you in the Dungeon)

   It burns those it strikes, dealing additional fire damage.
   Big, fiery blades are also staple armaments of hydra-hunters.
   Str:       It affects your strength (+3).
Missiles
 I - 10 datura-tipped darts (quivered)
Armour
 b - the +8 crystal plate armour "Odocout" (worn) {-Cast rF+ Regen+ SInv}
   (You found it in the Dungeon)

   rF:        It protects you from fire.
   SInv:      It lets you see invisible.
   -Cast:     It prevents spellcasting.
   Regen:     It increases your rate of health regeneration.
 c - a +2 tower shield of reflection
 j - the +0 tower shield "Robimin" (worn) {Fly rN+ Regen+ Dex-5}
   (You acquired it in the Dungeon)

   Dex:       It affects your dexterity (-5).
   rN:        It protects you from negative energy.
   Fly:       It grants you flight.
   Regen:     It increases your rate of health regeneration.
 r - the +4 dragonskin cloak (worn)
   (You took it off Tiamat in the Dungeon)

   It grants the wearer a chance to resist fire, cold, poison, electricity,
   acid, and negative energy.
 u - a +2 hat of stealth (worn)
 x - the +2 pair of boots of the Sparrow (worn) {rC+ Str+4}
   (You acquired it in the Dungeon)

   Str:       It affects your strength (+4).
   rC:        It protects you from cold.
 N - +0 gold dragon scales
 T - the +3 Mad Mage's Maulers (worn) {Infuse+∞ RegenMP Int-3}
   (You acquired it in the Dungeon)

   It empowers its wearer's blows with all of their magic.
   It causes its wearer's magical reserves to regenerate more quickly.
   Int:       It affects your intelligence (-3).
Jewellery
 B - an amulet of reflection (around neck)
 H - a +4 ring of protection
 J - a +6 ring of strength (right hand)
 M - the amulet of Vitality {Regen+ HP+15}
   (You found it in the Dungeon)

   [amulet of regeneration]

   HP:        It affects your health (+15).
   Regen:     It increases your rate of health regeneration.
 S - a ring of flight
 U - a ring of protection from fire
 W - a ring of resist corrosion
 Y - a ring of protection from fire (left hand)
Wands
 o - a wand of paralysis (13)
 q - a wand of digging (2)
 L - a wand of acid (16)
 Z - a wand of iceblast (7)
Scrolls
 m - a scroll of immolation
 y - 6 scrolls of enchant armour
 z - 3 scrolls of enchant weapon
 A - a scroll of summoning
 K - a scroll of silence
Potions
 d - a potion of invisibility
 e - a potion of haste
 f - 2 potions of magic
 g - 2 potions of berserk rage
 k - 4 potions of curing
 l - 4 potions of flight
 n - 5 potions of mutation
 t - a potion of attraction
Miscellaneous
 p - a condenser vane
 O - a piece from Xom's chessboard (15/15)
 P - a phantom mirror
 Q - a box of beasts
 X - a tin of tremorstones (2/2)


   Skills:
 O Level 27 Fighting
 O Level 27 Axes
 + Level 6.7 Throwing
 + Level 22.0 Armour
 + Level 25.2 Dodging
 O Level 27 Stealth
 O Level 27 Shields
 + Level 7.8 Evocations


You had 16 spell levels left.
You didn't know any spells.
Your spell library was empty.

Dungeon Overview and Level Annotations

Branches:
Dungeon (1/1)

Altars:
Cheibriados
Dithmenos
Elyvilon
Fedhas
Gozag
Hepliaklqana
Kikubaaqudgha
Makhleb
Nemelex Xobeh
Okawaru
Qazlal
Ru
Sif Muna
Trog
Uskayaw
Vehumet
Wu Jian
Xom
Yredelemnul
Zin
The Shining One
Beogh
Jiyva
Lugonu

Shops:
D !:(!=?([[[!!(?(:(=?([(!

Annotations:
D Antaeus


Innate Abilities, Weirdness & Mutations

You have a pair of horns on your head.
You reflexively headbutt those who attack you in melee.
You have sharp toenails.
Your flesh is heat resistant. (rF+)
Your magical capacity is very low. (-20% MP)


Message History

You chop Antaeus into pieces!!!! You burn Antaeus!!
Antaeus is almost dead.
Antaeus gestures at you. The flash freeze hits you!! You partially resist.
You are encased in ice.
You hit Antaeus but do no damage. Antaeus blocks your attack.
Antaeus is almost dead.
You block Antaeus's attack. Antaeus hits you but does no damage.
You hit Antaeus. You burn Antaeus. Antaeus blocks your attack.
Antaeus is almost dead.
You slice Antaeus!! You burn Antaeus!
Antaeus is almost dead.
The ice encasing you melts away. Antaeus hits you! Antaeus freezes you!
You resist.
* * * LOW HITPOINT WARNING * * *
You block Antaeus's attack.
Unknown command.
Antaeus blocks your attack.
Antaeus is almost dead.
You feel the effects of Trog's Hand fading.
Antaeus hits you!!
* * * LOW HITPOINT WARNING * * *
Antaeus freezes you! You resist.
* * * LOW HITPOINT WARNING * * *
You block Antaeus's attack.
Press: ? - help, v - describe, . - travel
Here: Antaeus, wearing a +0 tower shield of reflection (almost dead, poisoned)
The floor, spattered with blood.
Unknown command.
Okay, then.
Antaeus blocks your attack.
Your headbutt misses Antaeus.
Antaeus is almost dead.
Antaeus looks more healthy.
Antaeus blocks your attack.
You headbutt Antaeus.
Antaeus is almost dead.
You feel yourself slow down. You block Antaeus's attack. Antaeus hits you!
* * * LOW HITPOINT WARNING * * *
Antaeus freezes you!! You resist.
You die...

..#.:|.#*,,,≈≈≈≈≈≈,,,**≈,,,,,,≈#≈
''######*,,,,,≈≈,,,,,**,≈,,,,≈,#'
..#.#.##*,,,,,,,,,,,,*####++####.
)).....#*8,,,,,,,,,,8*#..'.....#'
)#############+###############.#.
........(.............#...# ##.##
.....((()(............#...###...#
.........()...........'...')..:).
.......}((......@.....#...###...#
........(.......C.....#...# ##.##
#+#############'##############.#.
,,,*,,,* **#≈≈≈≈≈≈≈≈≈##......#'#'
,,,+,,,* *,+≈#'#≈≈#+###......#.'.
,,,*,,,****#≈#φ#≈≈#,* #...[[.#.##
*****+***≈≈≈≈###≈≈#***#...[).'.#.
,,,,,,* *≈≈≈≈≈≈≈≈≈≈≈≈*#...[..###.
*********≈≈≈≈***≈≈≈≈≈*#.###..#...


You could see Antaeus.

Vanquished Creatures
  Tiamat (D)
  Dispater (D)
  An ancient lich (D)
  2 royal mummies (D)
  A Killer Klown (D)
  Boris (D)
  Frederick (D)
  Xtahua (D)
  Geryon (D)
  A golden dragon (D)
  2 bone dragons (D)
  An iron giant (D)
  A lich (D)
  Rupert (D)
  3 Hell Sentinels (D)
  2 deep elf blademasters (D)
  2 quicksilver dragons (D)
  2 Orb Guardians (D)
  A kraken (D)
  Gastronok (D)
  An Executioner (D)
  2 shadow dragons (D)
  2 sphinxes (D)
  A storm dragon (D)
  Dowan (D)
  Chuck (D)
  Roxanne (D)
  A fire giant (D)
  3 frost giants (D)
  4 azure jellies (D)
  2 draconian scorchers (D)
  An iron dragon (D)
  A draconian knight (D)
  3 draconian stormcallers (D)
  A draconian shifter (D)
  4 war gargoyles (D)
  5 stone giants (D)
  3 vampire knights (D)
  3 deep elf demonologists (D)
  Azrael (D)
  A deep elf annihilator (D)
  A yellow draconian (D)
  2 dire elephants (D)
  An iron golem (D)
  A deep elf death mage (D)
  3 yaktaur captains (D)
  3 fire dragons (D)
  8 mummy priests (D)
  A deep elf high priest (D)
  17 vault guards (D)
  2 hell beasts (D)
  3 hydras (D)
  An ogre mage (D)
  3 centaur warriors (D)
  2 alligator snapping turtles (D)
  4 death yaks (D)
  2 iron elementals (D)
  4 dancing weapons (D)
  Urug (D)
  2 titan zombies (D)
  2 soul eaters (D)
  3 deep elf knights (D)
  2 sun demons (D)
  8 skeletal warriors (D)
  A shadow wraith (D)
  An anaconda zombie (D)
  A death drake (D)
  A glowing orange brain (shapeshifter) (D)
  A spriggan druid (D)
  2 spectral iron dragons (D)
  A glowing orange brain (D)
  An orange crystal statue (D)
  A lindwurm (D)
  3 deep elf pyromancers (D)
  A deep elf zephyrmancer (D)
  An obsidian statue (D)
  5 ugly things (D)
  A shining eye (D)
  2 orc knights (D)
  4 crystal guardians (D)
  2 oklob plants (D)
  An orc sorcerer (D)
  A moth of wrath (D)
  3 rust devils (D)
  2 elephants (D)
  A stone giant skeleton (D)
  4 statues (D)
  2 black mambas (D)
  Duvessa (D)
  2 cane toads (D)
  13 yaktaurs (D)
  A komodo dragon (D)
  A rime drake (D)
  2 unseen horrors (D)
  2 ice devils (D)
  22 guardian mummies (D)
  A queen bee (D)
  4 spriggan defenders (D)
  3 hornets (D)
  2 tyrant leeches (D)
  8 blink frogs (D)
  3 orc high priests (D)
  4 snapping turtles (D)
  8 slime creatures (D)
  3 wandering mushrooms (D)
  2 spriggans (D)
  A shadow (D)
  A golden eye (D)
  3 redbacks (D)
  A spatial vortex (D)
  2 iron troll simulacra (D)
  2 hell hounds (D)
  A swamp drake (D)
  A floating eye (D)
  4 orc warriors (D)
  A necrophage (D)
  A black mamba simulacrum (D)
  2 centaurs (D)
  An earth elemental (D)
  A water elemental (D)
  32 killer bees (D)
  An electric eel (D)
  A jelly (D)
  3 orc priests (D)
  Jessica (D)
  A wizard (D)
  4 orc wizards (D)
  3 necromancers (D)
  2 polar bear simulacra (D)
  A wolf simulacrum (D)
  3 humans (D)
  A kobold demonologist (D)
  A phantom (D)
  7 orcs (D)
  An endoplasm (D)
  A ball python zombie (D)
  3 quokka zombies (D)
  2 rats (D)
  2 ball lightnings (D)
  A ballistomycete spore (D)
  7 bushes (D)
  4 butterflies (D)
  10 plants (D)
  4 tentacles (D)
388 creatures vanquished.

Vanquished Creatures (collateral kills)
  Snorg (D)
1 creature vanquished.

Vanquished Creatures (others)
  Nessos (D)
  A yaktaur (D)
  4 ball lightnings (D)
  A ballistomycete spore (D)
  A bush (D)
  40 plants (D)
  3 tentacles (D)
51 creatures vanquished.

Grand Total: 440 creatures vanquished

Notes
Turn   | Place    | Note
-------+----------+-------------------------------------------
     0 | D        | mhtbhm the Minotaur Berserker began the quest for the Orb.
     0 | D        | Reached XP level 1. HP: 19/19 MP: 0/0
    24 | D        | Reached ** piety under Trog
    32 | D        | Noticed Jessica
    38 | D        | Killed Jessica
    39 | D        | Reached skill level 5 in Fighting
    39 | D        | Reached skill level 5 in Axes
    39 | D        | Reached XP level 2. HP: 26/30 MP: 1/1
    39 | D        | Reached XP level 3. HP: 32/37 MP: 2/2
   145 | D        | Gained mutation: You are robust. (+10% HP) [potion of
                  | mutation]
   145 | D        | Gained mutation: You expend magic power (3 MP) to
                  | strengthen your wands. [potion of mutation]
   145 | D        | Gained mutation: You are clumsy. (Dex -2) [potion of
                  | mutation]
   146 | D        | Lost mutation: You are robust. (+10% HP) [potion of
                  | mutation]
   146 | D        | Lost mutation: You are clumsy. (Dex -2) [potion of
                  | mutation]
   146 | D        | Lost mutation: You expend magic power (3 MP) to strengthen
                  | your wands. [potion of mutation]
   146 | D        | Gained mutation: You are agile. (Dex +2) [potion of
                  | mutation]
   146 | D        | Gained mutation: Your body sometimes deteriorates upon
                  | taking damage. [potion of mutation]
   147 | D        | Lost mutation: Your body sometimes deteriorates upon taking
                  | damage. [potion of mutation]
   147 | D        | Lost mutation: You are agile. (Dex +2) [potion of mutation]
   147 | D        | Gained mutation: You have sharp toenails. [potion of
                  | mutation]
   147 | D        | Gained mutation: Your flesh is heat resistant. (rF+)
                  | [potion of mutation]
   150 | D        | Noticed a water elemental
   154 | D        | Killed a water elemental
   154 | D        | Reached *** piety under Trog
   155 | D        | Reached XP level 4. HP: 47/47 MP: 3/3
   167 | D        | Found a basalt altar of Yredelemnul.
   167 | D        | Found a shadowy altar of Dithmenos.
   167 | D        | Found a sacrificial altar of Ru.
   167 | D        | Noticed a necrophage
   174 | D        | Killed a necrophage
   175 | D        | Reached skill level 10 in Axes
   175 | D        | Reached skill level 1 in Stealth
   175 | D        | Reached XP level 5. HP: 12/57 MP: 4/4
   424 | D        | Found a radiant altar of Vehumet.
   424 | D        | Found a shimmering blue altar of Sif Muna.
   424 | D        | Found an ancient bone altar of Kikubaaqudgha.
   426 | D        | Noticed an ice devil
   429 | D        | Reached **** piety under Trog
   430 | D        | Reached skill level 5 in Armour
   668 | D        | Found a glowing silver altar of Zin.
   668 | D        | Found a glowing golden altar of the Shining One.
   668 | D        | Found a white marble altar of Elyvilon.
   670 | D        | Noticed a deep elf pyromancer
   674 | D        | Killed a deep elf pyromancer
   675 | D        | Reached skill level 5 in Dodging
   675 | D        | Reached XP level 6. HP: 70/70 MP: 5/5
   675 | D        | Reached XP level 7. HP: 75/75 MP: 6/6
   710 | D        | Found a hide-covered altar of Uskayaw.
   710 | D        | Found an iron altar of Okawaru.
   710 | D        | Found a bloodstained altar of Trog.
   710 | D        | Found an ornate altar of the Wu Jian Council.
   710 | D        | Noticed a human
   711 | D        | Noticed a human
   716 | D        | Killed a human
   716 | D        | Reached ***** piety under Trog
   725 | D        | Killed a human
   950 | D        | Noticed a shadow
   956 | D        | Killed a shadow
   956 | D        | Received a gift from Trog
   957 | D        | Reached XP level 8. HP: 48/86 MP: 7/7
  1128 | D        | Found a blossoming altar of Fedhas.
  1128 | D        | Found a stormy altar of Qazlal.
  1128 | D        | Found a snail-covered altar of Cheibriados.
  1128 | D        | Found a burning altar of Makhleb.
  1128 | D        | Found a shimmering altar of Xom.
  1147 | D        | Found a hazy altar of Hepliaklqana.
  1147 | D        | Found an opulent altar of Gozag.
  1147 | D        | Found a sparkling altar of Nemelex Xobeh.
  1147 | D        | Found a corrupted altar of Lugonu.
  1147 | D        | Found a viscous altar of Jiyva.
  1298 | D        | Noticed Snorg
  1314 | D        | Killed Snorg
  1494 | D        | Reached XP level 9. HP: 37/96 MP: 8/8
  1556 | D        | Noticed a centaur warrior
  1561 | D        | Killed a centaur warrior
  1562 | D        | Reached skill level 15 in Fighting
  1594 | D        | Killed an unseen horror
  1604 | D        | Killed an unseen horror
  1605 | D        | Reached skill level 5 in Stealth
  1763 | D        | Noticed a wandering mushroom
  1767 | D        | Noticed a wandering mushroom
  1769 | D        | Noticed a wandering mushroom
  1934 | D        | Noticed a cane toad
  1934 | D        | Noticed a komodo dragon
  1934 | D        | Noticed a cane toad
  1938 | D        | Killed a cane toad
  1939 | D        | Reached XP level 10. HP: 107/107 MP: 9/9
  1939 | D        | Killed a cane toad
  1944 | D        | Received a gift from Trog
  2211 | D        | Noticed a lindwurm
  2218 | D        | Killed a lindwurm
  2238 | D        | Received a gift from Trog
  2241 | D        | Noticed Urug
  2243 | D        | Killed Urug
  2291 | D        | Reached ****** piety under Trog
  2329 | D        | Received a gift from Trog
  2445 | D        | Noticed an elephant
  2445 | D        | Noticed an elephant
  2445 | D        | Noticed a dire elephant
  2445 | D        | Noticed a dire elephant
  2446 | D        | Noticed Gastronok
  2453 | D        | Killed a dire elephant
  2454 | D        | Reached XP level 11. HP: 121/121 MP: 10/10
  2458 | D        | Killed a dire elephant
  2459 | D        | Reached skill level 10 in Dodging
  2467 | D        | Killed Gastronok
  2467 | D        | Received a gift from Trog
  2609 | D        | Noticed Dowan
  2609 | D        | Noticed Duvessa
  2616 | D        | Killed Dowan
  2621 | D        | Killed Duvessa
  2754 | D        | Noticed a sixfirhy
  2761 | D        | Received a gift from Trog
  2853 | D        | Noticed an orange crystal statue
  2862 | D        | Killed an orange crystal statue
  2863 | D        | Reached skill level 10 in Armour
  2874 | D        | Found Hantacuss's Magic Scroll Shop.
  2874 | D        | Found Fahann's Book Boutique.
  2874 | D        | Found Uvyist's Distillery.
  2874 | D        | Found Wuir's Weapon Boutique.
  2874 | D        | Found Olyer's Jewellery Emporium.
  2874 | D        | Found Xiga's Weapon Shoppe.
  2874 | D        | Found Xuffoipt's Weapon Shop.
  2874 | D        | Found Elarouxacw's Magic Scroll Shop.
  2874 | D        | Found Qeamoyp's Antique Armour Emporium.
  2874 | D        | Found Plog's Antique Weapon Emporium.
  2874 | D        | Found Erafucy's Weapon Boutique.
  2982 | D        | Noticed an orc high priest
  2982 | D        | Noticed an orc sorcerer
  2986 | D        | Received a gift from Trog
  2992 | D        | Killed an orc sorcerer
  2992 | D        | Received a gift from Trog
  2999 | D        | Reached skill level 1 in Evocations
  3005 | D        | Found Qiluon's Distillery.
  3015 | D        | Killed an orc high priest
  3074 | D        | Bought a potion of heal wounds for 60 gold pieces
  3074 | D        | Bought a potion of curing for 36 gold pieces
  3074 | D        | Bought a potion of might for 48 gold pieces
  3074 | D        | Bought a potion of mutation for 96 gold pieces
  3106 | D        | Noticed a deep elf pyromancer
  3106 | D        | Noticed a deep elf zephyrmancer
  3106 | D        | Noticed a deep elf knight
  3106 | D        | Noticed a deep elf knight
  3106 | D        | Noticed a deep elf pyromancer
  3116 | D        | Killed a deep elf knight
  3119 | D        | Noticed a deep elf demonologist
  3120 | D        | Killed a deep elf knight
  3120 | D        | Received a gift from Trog
  3120 | D        | Noticed a deep elf high priest
  3121 | D        | Reached XP level 12. HP: 100/134 MP: 11/11
  3123 | D        | Noticed a deep elf death mage
  3333 | D        | Identified the +6 trident of Fortitude {vorpal, rF+ MP+9
                  | Dex-3}
  3333 | D        | Noticed a deep elf demonologist
  3397 | D        | Received a gift from Trog
  3410 | D        | Received a gift from Trog
  3419 | D        | Received a gift from Trog
  3648 | D        | Noticed a yaktaur captain
  3786 | D        | Bought a pair of dazzling gloves for 218 gold pieces
  3786 | D        | Identified the +2 pair of gloves of Action {Stlth+} (You
                  | bought it in a shop in the Dungeon)
  3808 | D        | Bought a potion of flight for 33 gold pieces
  3808 | D        | Bought a potion of flight for 33 gold pieces
  3808 | D        | Bought a potion of might for 44 gold pieces
  3809 | D        | Bought a scroll of blinking for 90 gold pieces
  3809 | D        | Bought a scroll of identify for 24 gold pieces
  3815 | D        | Bought a scroll of enchant armour for 90 gold pieces
  3815 | D        | Bought a scroll of enchant weapon for 90 gold pieces
  3815 | D        | Bought a scroll of magic mapping for 42 gold pieces
  3824 | D        | Bought a scroll of enchant weapon for 90 gold pieces
  3824 | D        | Bought a scroll of summoning for 114 gold pieces
  3825 | D        | Bought an amulet of reflection for 390 gold pieces
  3835 | D        | Bought a scroll of fear for 42 gold pieces
  3848 | D        | Bought a blackened ring mail for 207 gold pieces
  3848 | D        | Identified the +1 ring mail of the Frog {Rampage Regen+
                  | Str+3 Dex-3} (You bought it in a shop in the Dungeon)
  3854 | D        | Bought a shiny tower shield for 172 gold pieces
  4042 | D        | Received a gift from Trog
  4111 | D        | Found the +12 glaive of Prune {vorpal}
  4139 | D        | Noticed a fire dragon
  4149 | D        | Killed a fire dragon
  4194 | D        | Noticed a centaur warrior
  4196 | D        | Killed a centaur warrior
  4197 | D        | Reached skill level 1 in Shields
  4244 | D        | Received a gift from Trog
  4327 | D        | Reached skill level 10 in Stealth
  4380 | D        | Noticed a yaktaur captain
  4393 | D        | Killed a yaktaur captain
  4396 | D        | Identified the +10 broad axe "Quesmes" {flame, Str+3} (Trog
                  | gifted it to you in the Dungeon)
  4396 | D        | Received a gift from Trog
  4498 | D        | Noticed a bone dragon
  4505 | D        | Killed a bone dragon
  4506 | D        | Reached XP level 13. HP: 122/146 MP: 12/12
  4546 | D        | Noticed a vampire knight
  4549 | D        | Killed a vampire knight
  4550 | D        | Reached skill level 1 in Throwing
  4555 | D        | Received a gift from Trog
  4565 | D        | Noticed a vampire knight
  4569 | D        | Killed a vampire knight
  4608 | D        | Received a gift from Trog
  4670 | D        | Noticed a vampire knight
  4680 | D        | Killed a vampire knight
  4806 | D        | Noticed a bone dragon
  4812 | D        | Killed a bone dragon
  4875 | D        | Noticed Chuck
  4884 | D        | Killed Chuck
  5004 | D        | Received a gift from Trog
  5016 | D        | Noticed Frederick
  5027 | D        | Reached skill level 5 in Shields
  5027 | D        | Killed Frederick
  5103 | D        | Received a gift from Trog
  5116 | D        | Noticed a lich
  5119 | D        | Killed a lich
  5135 | D        | Noticed a shadow dragon
  5136 | D        | Noticed a shadow dragon
  5142 | D        | Received a gift from Trog
  5143 | D        | Killed a shadow dragon
  5157 | D        | Killed a shadow dragon
  5557 | D        | Reached XP level 14. HP: 160/160 MP: 13/13
  5563 | D        | Reached skill level 27 in Axes
  5623 | D        | Noticed Boris
  5630 | D        | Killed Boris
  5634 | D        | Received a gift from Trog
  5635 | D        | Reached skill level 15 in Stealth
  5758 | D        | Found Qeumu's Armour Emporium.
  5758 | D        | Found Tyth's Distillery.
  5758 | D        | Found Eratil's Armour Shop.
  5758 | D        | Found Unucul's Distillery.
  5770 | D        | Bought a potion of haste for 140 gold pieces
  5770 | D        | Bought a potion of flight for 42 gold pieces
  5775 | D        | Identified Roxanne's Volume of Shape Shifting
  5775 | D        | Noticed Roxanne
  5790 | D        | Killed Roxanne
  5790 | D        | Received a gift from Trog
  5806 | D        | Found Caheru's Armour Boutique.
  5829 | D        | Reached skill level 15 in Armour
  5893 | D        | Received a gift from Trog
  5899 | D        | Reached skill level 27 in Fighting
  6202 | D        | Noticed Azrael
  6204 | D        | Killed Azrael
  6204 | D        | Received a gift from Trog
  6297 | D        | Noticed a Brimstone Fiend
  6336 | D        | Noticed a deep elf blademaster
  6347 | D        | Noticed a cacodemon
  6349 | D        | Killed a deep elf blademaster
  6358 | D        | Received a gift from Trog
  6411 | D        | Found the amulet of Vitality {Regen+ HP+15}
  6417 | D        | Identified the amulet of Immorality {Faith Str+3 Dex+7}
  6495 | D        | Acquired 1066 gold pieces
  6589 | D        | Noticed Rupert
  6596 | D        | Killed Rupert
  6650 | D        | Noticed an azure jelly
  6650 | D        | Noticed an azure jelly
  6659 | D        | Reached skill level 15 in Dodging
  6659 | D        | Reached skill level 10 in Shields
  6666 | D        | Noticed an azure jelly
  6666 | D        | Noticed an azure jelly
  6667 | D        | Received a gift from Trog
  6693 | D        | Found Giadghify's Distillery.
  6693 | D        | Found Neoziuva's Book Boutique.
  6702 | D        | Found Restanno's Antique Weapon Emporium.
  6712 | D        | Noticed Xtahua
  6726 | D        | Paralysed by Xtahua for 6 turns
  6732 | D        | HP: 7/168 [Xtahua (5)]
  6738 | D        | Killed Xtahua
  6738 | D        | Received a gift from Trog
  6739 | D        | Reached XP level 15. HP: 41/174 MP: 14/14
  6871 | D        | Bought a potion of might for 40 gold pieces
  6871 | D        | Bought a potion of invisibility for 80 gold pieces
  6888 | D        | Got a decaying rune of Zot
  6952 | D        | Killed an azure jelly
  6954 | D        | Killed an azure jelly
  6955 | D        | Reached skill level 5 in Throwing
  6957 | D        | Killed an azure jelly
  6959 | D        | Killed an azure jelly
  7108 | D        | Received a gift from Trog
  7268 | D        | Found a blossoming altar of Fedhas.
  7358 | D        | Noticed a kraken
  7372 | D        | Killed a kraken
  7372 | D        | Received a gift from Trog
  7373 | D        | Reached skill level 15 in Shields
  7485 | D        | Found Tukhlerhou's Antique Weapon Boutique.
  7485 | D        | Found Rifiveiff's Magic Scroll Shop.
  7485 | D        | Found Kunehyba's Jewellery Emporium.
  7494 | D        | Identified the +4 war axe of Ofaoc Vab {vorpal, rF- rN+
                  | Dex+4} (Trog gifted it to you in the Dungeon)
  7494 | D        | Received a gift from Trog
  7501 | D        | Got a barnacled rune of Zot
  7504 | D        | Bought a scroll of holy word for 75 gold pieces
  7504 | D        | Bought a scroll of magic mapping for 35 gold pieces
  7504 | D        | Bought a scroll of enchant armour for 75 gold pieces
  7511 | D        | Bought a ring of flight for 227 gold pieces
  7853 | D        | Noticed a quicksilver dragon
  7853 | D        | Noticed a quicksilver dragon
  7853 | D        | Noticed a frost giant
  7853 | D        | Noticed a golden dragon
  7854 | D        | Noticed a frost giant
  7862 | D        | Received a gift from Trog
  7872 | D        | Received a gift from Trog
  7872 | D        | Killed a frost giant
  7875 | D        | Received a gift from Trog
  7877 | D        | Killed a golden dragon
  7881 | D        | Killed a quicksilver dragon
  7883 | D        | Killed a quicksilver dragon
  7883 | D        | Received a gift from Trog
  7893 | D        | Killed a frost giant
  7901 | D        | Identified the +9 dagger "Tuerph" {flame, rCorr Str+4
                  | Dex+3} (Trog gifted it to you in the Dungeon)
  7901 | D        | Received a gift from Trog
  7921 | D        | Got a silver rune of Zot
  7970 | D        | Acquired 1010 gold pieces
  7977 | D        | Identified the +5 chain mail "Huod" {Rampage rF+}
  8122 | D        | Noticed a sphinx
  8122 | D        | Noticed a sphinx
  8127 | D        | Killed a sphinx
  8131 | D        | Killed a sphinx
  8131 | D        | Received a gift from Trog
  8282 | D        | Reached XP level 16. HP: 181/183 MP: 15/15
  8290 | D        | Received a gift from Trog
  8407 | D        | Noticed a royal mummy
  8407 | D        | Noticed a royal mummy
  8410 | D        | Received a gift from Trog
  8601 | D        | Killed a royal mummy
  8602 | D        | Killed a royal mummy
  8608 | D        | Got a golden rune of Zot
  8619 | D        | Identified the +7 battleaxe of Cud Banwe {freeze, rN+ Will+
                  | Str+4}
  8654 | D        | Acquired the +3 Mad Mage's Maulers {Infuse+∞ RegenMP Int-3}
  8654 | D        | Found the +3 Mad Mage's Maulers {Infuse+∞ RegenMP Int-3}
  8671 | D        | Acquired the +2 pair of boots of the Sparrow {rC+ Str+4}
  8702 | D        | Acquired 438 gold pieces
  8706 | D        | Acquired the +0 tower shield "Robimin" {Fly rN+ Regen+
                  | Dex-5}
  8710 | D        | Acquired a manual of Dodging
  8896 | D        | Received a gift from Trog
  8909 | D        | Reached skill level 27 in Shields
  9097 | D        | Received a gift from Trog
  9152 | D        | Noticed an Executioner
  9156 | D        | Killed an Executioner
  9199 | D        | Noticed Nessos
  9208 | D        | Killed Nessos
  9244 | D        | Gained mutation: Your magical capacity is low. (-10% MP) [a
                  | shining eye]
  9247 | D        | Paralysed by a floating eye for 2 turns
  9252 | D        | Gained mutation: Your magical capacity is very low. (-20%
                  | MP) [a shining eye]
  9268 | D        | Received a gift from Trog
  9377 | D        | Noticed a deep elf blademaster
  9398 | D        | Killed a deep elf blademaster
  9487 | D        | Noticed a Killer Klown
  9506 | D        | Killed a Killer Klown
  9535 | D        | Noticed an Orb Guardian
  9535 | D        | Noticed an Orb Guardian
  9539 | D        | Killed an Orb Guardian
  9540 | D        | Reached skill level 5 in Evocations
  9541 | D        | Killed an Orb Guardian
  9544 | D        | Received a gift from Trog
  9623 | D        | Noticed an ancient lich
  9637 | D        | Killed an ancient lich
  9637 | D        | Received a gift from Trog
  9670 | D        | Noticed a storm dragon
  9678 | D        | Killed a storm dragon
  9872 | D        | Received a gift from Trog
  9878 | D        | Found the +4 dragonskin cloak
  9878 | D        | Noticed Tiamat
  9909 | D        | Killed Tiamat
  9909 | D        | Received a gift from Trog
 10075 | D        | Noticed Geryon
 10085 | D        | Received a gift from Trog
 10086 | D        | Reached XP level 17. HP: 191/191 MP: 1/12
 10104 | D        | Killed Geryon
 10258 | D        | Noticed an iron giant
 10262 | D        | Received a gift from Trog
 10265 | D        | Killed an iron giant
 10467 | D        | Received a gift from Trog
 10506 | D        | Noticed a Hell Sentinel
 10518 | D        | Killed a Hell Sentinel
 10521 | D        | Identified the +8 crystal plate armour "Odocout" {-Cast rF+
                  | Regen+ SInv}
 10521 | D        | Identified the +0 hat of Doorychi {rC- Str+4 Slay+4}
 10578 | D        | Noticed a Hell Sentinel
 10578 | D        | Found the +4 staff of Dispater
 10578 | D        | Noticed Dispater
 10579 | D        | Noticed a Hell Sentinel
 10584 | D        | Killed a Hell Sentinel
 10593 | D        | Noticed a Hell Sentinel
 10611 | D        | Killed Dispater
 10611 | D        | Received a gift from Trog
 10612 | D        | Reached skill level 27 in Stealth
 10614 | D        | Killed a Hell Sentinel
 10620 | D        | Got an iron rune of Zot
 10622 | D        | Identified the +1 whip of Dissent {flame, Dex+4}
 10690 | D        | Noticed Antaeus
 10741 | D        | Mangled by Antaeus

Illustrated notes

Levels and vault maps discovered:
D:        dungeon_sprint_mu [sprint_mu_entry_cave, sprint_mu_temple_rooms,
          sprint_mu_d1_horrors, sprint_mu_d2_genie, sprint_mu_d3_branching,
          sprint_mu_orc_legion, sprint_mu_elf_gauntlet, sprint_mu_hive_nellie,
          sprint_mu_lair_fedhas, sprint_mu_vaults_butterflies,
          sprint_mu_slime_circle, sprint_mu_swamp_cave, sprint_mu_shoals_kraken,
          sprint_mu_blade_basic, sprint_mu_crypt_chambers,
          sprint_mu_tomb_spiral, sprint_mu_vestibule_basic,
          sprint_mu_gehenna_hellfire, sprint_mu_dis_giant,
          sprint_mu_tartarus_statrot, sprint_mu_cocytus_islands, sprint_mu_zot1]

Skill      XL: |  1  2  3  4  5  6  7  8  9 10 11 12 13 14 15 16 17 |
---------------+----------------------------------------------------+-----
Fighting       | 5 7 9 11 13 14 16 18 20 22 24 27 | 27.0
Axes           | 5 8 10 13 14 16 18 20 23 25 26 27 | 27.0
Armour         | 3 4 6 7 8 11 13 14 16 19 22 | 22.0
Dodging        | 3 4 5 6 7 9 10 11 13 15 18 23 25 | 25.2
Stealth        | 1 2 4 5 8 9 10 14 18 20 25 27 | 27.0
Evocations     | 1 2 6 7 |  7.8
Shields        | 3 5 11 23 27 | 27.0
Throwing       | 1 4 6 |  6.7

Action                   |  1- 3 |  4- 6 |  7- 9 | 10-12 | 13-15 | 16-18 || total
-------------------------+-------+-------+-------+-------+-------+-------++-------
Melee: Hand axe          |    15 |    14 |    20 |       |       |       ||    49
       Headbutt          |     3 |     3 |    16 |    35 |    71 |    77 ||   205
       Kick              |       |     5 |    32 |    61 |   109 |    10 ||   217
       Punch             |       |       |     2 |       |       |       ||     2
       War axe           |       |       |    55 |     5 |       |       ||    60
       Battleaxe         |       |       |       |    39 |       |       ||    39
       Executioner's axe |       |       |       |   158 |   181 |       ||   339
       Broad axe         |       |       |       |       |   153 |   258 ||   411
Throw: Javelin           |       |       |       |     2 |     1 |       ||     3
       Dart              |       |       |       |       |     8 |     5 ||    13
Invok: Berserk           |     1 |     2 |     2 |     9 |    12 |    12 ||    38
       Brothers in Arms  |       |       |     1 |       |     1 |     4 ||     6
       Trog's Hand       |       |       |       |       |       |     1 ||     1
Evoke: Wand              |       |       |     1 |       |       |     1 ||     2
       Condenser vane    |       |       |       |     2 |     2 |     3 ||     7
  Use: Potion            |     3 |       |       |       |     9 |    13 ||    25
       Scroll            |       |       |       |     4 |     3 |    11 ||    18
 Stab: Sleeping          |     1 |       |     1 |    10 |    31 |     6 ||    49
       Confused          |       |       |       |     2 |     1 |       ||     3
       Distracted        |       |       |       |     1 |     3 |     2 ||     6
Armor: Animal skin       |     2 |       |     2 |       |       |       ||     4
       Troll leather arm |       |       |    15 |     1 |       |       ||    16
       Chain mail        |       |       |       |    33 |       |       ||    33
       Ring mail         |       |       |       |    10 |    88 |     8 ||   106
       Pearl dragon scal |       |       |       |       |       |    50 ||    50
       Crystal plate arm |       |       |       |       |       |    10 ||    10
Dodge: Dodged            |     4 |     4 |    22 |    51 |    97 |    37 ||   215
Block: Other             |       |       |       |    10 |    20 |       ||    30
       Reflection        |       |       |       |     3 |     1 |    22 ||    26
       Tower shield      |       |       |       |       |   133 |   209 ||   342

Table legend: (Time is in decaauts) A = Elapsed time spent in this place. B = Non-inter-level travel time spent in this place. C = Inter-level travel time spent in this place. D = Time resting spent in this place. E = Time spent auto-exploring this place. F = Levels seen in this place. G = Mean time per level. A B C D E F G +--------+--------+--------+--------+--------+-----+--------+ Total | 10959 | 10909 | 50 | 5827 | 21 | 1 | 10959.0 | Dungeon | 10959 | 10909 | 50 | 5827 | 21 | 1 | 10959.0 | +--------+--------+--------+--------+--------+-----+--------+

Top non-repeatable levels by time:
       D: 10959 daAuts
